cohdb
Replays
Latest Replays
All Replays
Popular Replays
Top Player Replays
Match Explorer
How It Works
Community
CoH3 Stats
Reddit
Sign in to upload your games and track your stats! →
Sign in with Steam
Match 41985838
Unlisted
Match 41985838
Overview
Messages
Build Orders
End
Construct Infanterie Kompanie
MG 42 Machine Gun Team
Grenadier Squad
Selects Luftwaffe Battlegroup
Selects Luftwaffe Pioneer Support
Construct Panzergrenadier Kompanie
Selects Stuka Strafing Run
Pak 40 Anti-tank Gun Team
Selects Fallschirmjäger Squad Paradrop
Fallschirmjäger Squad Paradrop
251 Medium Carrier
Stuka Strafing Run
Stuka Strafing Run
Construct Panzer Kompanie
Stuka Strafing Run
Fallschirmjäger Squad Paradrop
XaKoS
Epsi
BladeMaster
Husar
Felipe
Zmasowany
0
0
Comments
sign in to comment!
No comments posted yet!